 Dungeon Crawl Stone Soup version 0.29.1-13-g9f3cf754e1 (webtiles) character file.

Game seed: 12087002941765217151

67 cheesebisquit the Shooter (level 3, 0/31 HPs)
             Began as a Minotaur Hunter on Jan 30, 2023.
             Slain by an ogre
             ... wielding a +0 giant club
              (16 damage)
             ... on level 2 of the Dungeon.
             The game lasted 00:02:53 (1380 turns).

cheesebisquit the Shooter (Minotaur Hunter)         Turns: 1380, Time: 00:02:54

Health: 0/31       AC: 10    Str: 15    XL:     3   Next: 98%
Magic:  2/2        EV:  4    Int:  6    God:
Gold:   72         SH:  0    Dex: 15    Spells: 2/2 levels left

rFire   . . .      SeeInvis .   a - +0 shortbow
rCold   . . .      Faith    .   (shield currently unavailable)
rNeg    . . .      Spirit   .   h - +0 plate armour
rPois   .          Reflect  .   (helmet restricted)
rElec   .          Harm     .   (no cloak)
rCorr   .          Rampage  .   (no gloves)
Will    .....                   (no boots)
Stlth   ..........              (no amulet)
HPRegen 0.10/turn               (no ring)
MPRegen 0.08/turn               (no ring)

@: no status effects
A: horns 2, retaliatory headbutt
a: no special abilities


You were on level 2 of the Dungeon.
You visited 1 branch of the dungeon, and saw 2 of its levels.

You collected 72 gold pieces.

Inventory:

Hand Weapons
 a - a +0 shortbow (weapon)
Armour
 c - a +0 leather armour
 h - a +0 plate armour (worn)
Scrolls
 b - 2 scrolls of immolation
 d - a scroll of magic mapping {unknown}
 e - a scroll of enchant weapon {unknown}
 f - a scroll of fear {unknown}
 i - a scroll of identify {unknown}
 j - a scroll of teleportation {unknown}
Potions
 g - a potion of invisibility {unknown}
 k - 2 potions of cancellation {unknown}
 l - a potion of magic {unknown}


   Skills:
 + Level 3.3 Fighting
 * Level 5.5 Ranged Weapons
 + Level 1.2 Armour
 - Level 2.1 Dodging
 - Level 0.7 Stealth


You had 2 spell levels left.
You didn't know any spells.
Your spell library contained the following spells:

 Spells                   Type           Power      Damage    Failure   Level
 Call Imp                 Summ           0%         N/A       100%        2
 Static Discharge         Conj/Air       0%         3-3/arc   100%        2
 Ozocubu's Armour         Ice            0%         N/A       100%        3
 Lightning Bolt           Conj/Air       0%         1d11      100%        5
 Summon Cactus Giant      Summ           0%         N/A       100%        6
 Monstrous Menagerie      Summ           0%         N/A       100%        7
 Maxwell's Capacitive Co  Air            0%         ∞         100%        8


Dungeon Overview and Level Annotations

Branches:
Dungeon (2/15)

Altars:


Innate Abilities, Weirdness & Mutations

You have a pair of horns on your head.
You reflexively headbutt those who attack you in melee.


Message History

No target in view!
Found 4 boomerangs.
An ogre comes into view. It is wielding a +0 giant club.
You shoot an arrow. The arrow hits the ogre!
The ogre is moderately wounded.
Fire: a) +0 shortbow
Press: ? - help, Q - select action Shift-Dir - straight line, f/p - ogre
Aim: an ogre, wielding a +0 giant club (moderately wounded, 76% to hit)
You shoot an arrow. The arrow hits the ogre.
The ogre is moderately wounded.
The ogre barely misses you. You furiously retaliate!
You headbutt the ogre! The ogre barely misses you.
Fire: a) +0 shortbow
Press: ? - help, Q - select action Shift-Dir - straight line, f/p - ogre
Aim: an ogre, wielding a +0 giant club (severely wounded, 76% to hit)
You shoot an arrow. The arrow hits the ogre.
The ogre is severely wounded.
The ogre closely misses you. You furiously retaliate!
You headbutt the ogre, but do no damage.
Fire: a) +0 shortbow
Press: ? - help, Q - select action Shift-Dir - straight line, f/p - ogre
Aim: an ogre, wielding a +0 giant club (severely wounded, 76% to hit)
You shoot an arrow.
The arrow hits the ogre but does no damage.
The ogre is severely wounded.
The ogre hits you with a +0 giant club.
Fire: a) +0 shortbow
Press: ? - help, Q - select action Shift-Dir - straight line, f/p - ogre
Aim: an ogre, wielding a +0 giant club (severely wounded, 76% to hit)
You shoot an arrow. The arrow hits the ogre.
The ogre is almost dead.
The ogre hits you with a +0 giant club!
Fire: a) +0 shortbow
Press: ? - help, Q - select action Shift-Dir - straight line, f/p - ogre
Aim: an ogre, wielding a +0 giant club (almost dead, 76% to hit)
You shoot an arrow. The arrow hits the ogre.
The ogre is almost dead.
The ogre hits you with a +0 giant club!
Ouch! That really hurt!
You die...

##.####†....###.......#.....
#.# #.....# #.....≈....#..
#.# #.....# #...#...#....
#.# ####### #.........≈.≈.
#.# #..#.≈.≈...... #.#
###..#.....#... #.#
#.....#.#....≈. #.#
#..##.......#... #.# ..
#@#.≈.≈..... ##.# .
#O.......≈.≈ ...#
...#...#... ####
......≈....# .....#...#...
............≈ #....(.. .≈ .
............ ##.


You could see an ogre.

Vanquished Creatures
  An orc wizard (D:2)
  2 dart slugs (D:1)
  4 orcs (D:2)
  3 ball pythons
  4 endoplasms
  A giant cockroach (D:1)
  3 goblins
  A hobgoblin (D:2)
  2 jackals (D:1)
  3 kobolds (D:1)
  A quokka (D:1)
  2 bats
  2 frilled lizards
  3 rats
32 creatures vanquished.

Notes
Turn   | Place    | Note
-------+----------+-------------------------------------------
     0 | D:1      | cheesebisquit the Minotaur Hunter began the quest for the
                  | Orb.
     0 | D:1      | Reached XP level 1. HP: 18/18 MP: 0/0
   212 | D:1      | Noticed a shining eye
   226 | D:1      | Reached XP level 2. HP: 25/25 MP: 1/1
   226 | D:1      | Found a faded altar of an unknown god.
   226 | D:1      | Noticed a golden eye
   230 | D:1      | Noticed an eye of devastation
   308 | D:1      | Reached skill level 5 in Ranged Weapons
   318 | D:1      | Got the Volume of Amassed Hypothermia
   621 | D:1      | Noticed a great orb of eyes
   887 | D:2      | Reached XP level 3. HP: 20/31 MP: 2/2
  1024 | D:2      | Reached skill level 1 in Armour
  1374 | D:2      | Noticed an ogre
  1380 | D:2      | Slain by an ogre

Illustrated notes

Levels and vault maps discovered:
D:1:      psy_arrival_conway, layout_rooms,
          hellmonk_ecumenical_altar_watching_god, patterned_corridor
D:2:      layout_basic, basic_altar, nicolae_kite_square_tiling_tiny,
          dreamdust_wishing_well

Skill      XL: |  1  2  3 |
---------------+----------+-----
Ranged Weapons | 5 |  5.5
Fighting       | 3 |  3.3
Armour         | 1 |  1.2
Dodging        | |  2.1
Stealth        | |  0.7

Action                   || total
-------------------------++-------
 Fire: Shortbow          ||    84
Armor: Leather armour    ||     6
       Plate armour      ||    40
Dodge: Dodged            ||    24
